 Dungeon Crawl Stone Soup version 0.29-a0-878-g7b45a56547 (webtiles) character file.

Game seed: 10315702739334837626

51 Malachi the Ruffian (level 3, -7/31 HPs)
             Began as a Troll Hedge Wizard on July 20, 2022.
             Engulfed by a cloud of flame (17 damage)
             ... on level 2 of the Dungeon.
             The game lasted 00:01:31 (988 turns).

Malachi the Ruffian (Troll Hedge Wizard)             Turns: 988, Time: 00:01:32

Health: -7/31      AC:  4    Str: 18    XL:     3   Next: 57%
Magic:  5/5        EV:  9    Int: 12    God:
Gold:   50         SH:  0    Dex:  9    Spells: 5/6 levels left

rFire   . . .      SeeInvis .     - Unarmed
rCold   . . .      Faith    .   (no shield)
rNeg    . . .      Spirit   .   b - +0 robe
rPois   .          Reflect  .   c - +0 hat
rElec   .          Harm     .   (no cloak)
rCorr   .          Rampage  .   (gloves unavailable)
Will    .....                   (boots unavailable)
Stlth   +.........              e - amulet of the acrobat
HPRegen 0.90/turn               (no ring)
MPRegen 0.09/turn               (no ring)

@: no status effects
A: large, unfitting armour, claws 3, regeneration 1, shaggy fur 1, tough skin 1
a: no special abilities


You were on level 2 of the Dungeon.
You visited 1 branch of the dungeon, and saw 2 of its levels.

You collected 50 gold pieces.

Inventory:

Armour
 b - a +0 robe (worn)
 c - a +0 hat (worn)
Jewellery
 e - an amulet of the acrobat (around neck)
Scrolls
 g - 2 scrolls of magic mapping
Potions
 a - 2 potions of resistance {unknown}
 d - 2 potions of magic
 h - a potion of flight {unknown}
 i - 2 potions of mutation {unknown}
 j - a potion of attraction {unknown}
 l - 2 potions of lignification {unknown}


   Skills:
 - Level 1.5 Dodging
 - Level 1.0 Stealth
 + Level 3.3 Unarmed Combat
 - Level 2.0 Spellcasting
 - Level 0.6 Conjurations
 - Level 0.6 Summonings
 - Level 0.6 Translocations


You had 5 spell levels left.
You knew the following spells:

 Your Spells              Type           Power      Damage    Failure   Level
a - Magic Dart            Conj           8%         1d3       22%         1

Your spell library contained the following spells:

 Spells                   Type           Power      Damage    Failure   Level
 Slow                     Hex            4%         N/A       26%         1
 Blink                    Tloc           4%         N/A       32%         2
 Call Imp                 Summ           2%         N/A       32%         2
 Conjure Flame            Conj/Fire      1%         6-21      58%         3
 Mephitic Cloud           Conj/Pois/Air  1%         N/A       58%         3


Dungeon Overview and Level Annotations

Branches:
Dungeon (2/15)

Altars:

Annotations:
D:2 Robin


Innate Abilities, Weirdness & Mutations

You are too large for most types of armour.
You have claws for hands.
Your natural rate of healing is unusually fast.
You are covered in fur. (AC +1)
You have tough skin. (AC +1)


Message History

g - 2 scrolls of magic mapping
As you read the scroll of identify, it crumbles to dust.
k - a scroll of immolation Robin barely misses you.
Okay, then.
A goblin comes into view. It is wielding a +0 club.
Robin completely misses you.
The goblin shouts!
You hear a shout!
Robin throws the goblin at you!
You hear a shout! x2; The goblin shouts!
Robin completely misses you. The goblin closely misses you.
The goblin no longer looks unusually strong.
The goblin closely misses you.
Really read the scroll of immolation? [Y]es or [N]o only, please.
Really read the scroll of immolation? [Y]es or [N]o only, please.
Really read the scroll of immolation? [Y]es or [N]o only, please.
Really read the scroll of immolation? [Y]es or [N]o only, please.
Really read the scroll of immolation?
Okay, then.
Really read the scroll of immolation?
As you read the scroll of immolation, it crumbles to dust.
The creatures around you are filled with an inner flame!
The goblin closely misses you.
Unknown command.
You scratch the goblin but do no damage.
The goblin no longer looks unusually strong.
Robin roars a battlecry!
The goblins go into a battle-frenzy!
The goblin hits you but does no damage.
You claw the goblin!
The goblin explodes!
The fiery explosion engulfs you!!
Ouch! That really hurt!
You are engulfed in blazing flames.
Ouch! That really hurt!
You die... ...###......##### ................. g...' ...######...##### .ggg#

...# ###...### .g.?# ...#
#.......# .g..# ...# #.......#
.g..# #######.......# ....#
##............###########....#
..............ยงยง@gggg.g.'....#
##.###........######g...#....#
#.######## #.)..#....# #.
#....#.....# # #....#.....#
######.....# #(# .# ####.#
#.###. .# #.#..


You could see Robin (inner flame), 2 hobgoblins and 3 goblins.

Vanquished Creatures
  A worm (D:2)
  4 endoplasms
  A giant cockroach (D:1)
  7 goblins
  6 hobgoblins
  7 jackals
  5 kobolds
  2 quokkas (D:1)
  3 bats
  A frilled lizard (D:1)
  5 rats
42 creatures vanquished.

Notes
Turn   | Place    | Note
-------+----------+-------------------------------------------
     0 | D:1      | Malachi the Troll Hedge Wizard began the quest for the Orb.
     0 | D:1      | Reached XP level 1. HP: 16/16 MP: 2/2
    57 | D:1      | Reached skill level 1 in Unarmed Combat
   114 | D:1      | Reached XP level 2. HP: 23/24 MP: 4/4
   124 | D:1      | Reached skill level 2 in Unarmed Combat
   354 | D:1      | Found a faded altar of an unknown god.
   373 | D:1      | Reached XP level 3. HP: 31/31 MP: 5/5
   786 | D:2      | Reached skill level 3 in Unarmed Combat
   966 | D:2      | Noticed Robin
   988 | D:2      | Engulfed by a cloud of flame

Illustrated notes

Levels and vault maps discovered:
D:1:      heliophobic_arrival_enchanted_forest, layout_loops_ring,
          hellmonk_ecumenical_altar_lost_god
D:2:      layout_basic, uniq_terence, uniq_robin, uniq_natasha

Skill      XL: |  1  2  3 |
---------------+----------+-----
Unarmed Combat | 1 2 3 |  3.3
Dodging        | |  1.5
Stealth        | |  1.0
Spellcasting   | |  2.0
Conjurations   | |  0.6
Summonings     | |  0.6
Translocations | |  0.6

Action                   || total
-------------------------++-------
Melee: Unarmed           ||   110
       Dagger            ||     5
       Punch             ||     1
  Use: Scroll            ||     3
Armor: Robe              ||    45
Dodge: Dodged            ||    78

Table legend: (Time is in decaauts)
 A = Elapsed time spent in this place.
 B = Non-inter-level travel time spent in this place.
 C = Inter-level travel time spent in this place.
 D = Time resting spent in this place.
 E = Time spent auto-exploring this place.
 F = Levels seen in this place.
 G = Mean time per level.
                   A        B        C        D        E       F      G
               +--------+--------+--------+--------+--------+-----+--------+
         Total |    983 |    966 |     17 |      0 |    722 |   2 |  491.5 |
       Dungeon |    983 |    966 |     17 |      0 |    722 |   2 |  491.5 |
               +--------+--------+--------+--------+--------+-----+--------+

Top non-repeatable levels by time:
     D:1: 774 daAuts
     D:2: 208 daAuts
